 Dungeon Crawl Stone Soup version 0.29.0-4-gdea44cf6ec (webtiles) character file.

Game seed: 12987906883953377293

3901 qw the Grappler (level 10, -11/86 (96) HPs)
             Began as a Troll Cinder Acolyte on Aug 31, 2022.
             Was a Believer of Ignis.
             Killed from afar by an electric eel (16 damage)
             ... with a bolt of electricity
             ... on level 8 of the Dungeon.
             The game lasted 00:04:19 (6502 turns).

qw the Grappler (Troll Cinder Acolyte)              Turns: 6502, Time: 00:04:19

HP:   -11/86 (96)   AC: 13    Str: 28    XL:     10   Next: 0%
MP:   10/10         EV:  9    Int: 10    God:    Ignis [**....]
Gold: 319           SH:  0    Dex:  5    Spells: 11/11 levels left

rFire   + . .      SeeInvis +     - Unarmed
rCold   . . .      Faith    .   (no shield)
rNeg    . . .      Spirit   .   c - +2 animal skin
rPois   .          Reflect  .   (helmet restricted)
rElec   .          Harm     .   (no cloak)
rCorr   .          Rampage  .   (gloves unavailable)
Will    .....                   (boots unavailable)
Stlth   +.........              i - amulet of regeneration
HPRegen 1.84/turn               m - ring of see invisible
MPRegen 0.12/turn               (no ring)

@: fiery-armoured, heavily drained
A: large, unfitting armour, claws 3, regeneration 1, shaggy fur 1, tough skin 1
a: Renounce Religion, Fiery Armour, Foxfire Swarm, Rising Flame


You were on level 8 of the Dungeon.
You worshipped Ignis.
Ignis was pleased with you.
You visited 1 branch of the dungeon, and saw 8 of its levels.
You also visited: Ossuary.

You collected 379 gold pieces.
You spent 60 gold pieces at shops.


Innate Abilities, Weirdness & Mutations

You are too large for most types of armour.
You have claws for hands.
Your natural rate of healing is unusually fast.
You are covered in fur. (AC +1)
You have tough skin. (AC +1)


   Skills:
 - Level 5.2 Fighting
 - Level 1.0 Throwing
 - Level 1.1 Dodging
 + Level 13.3 Unarmed Combat
 - Level 1.0 Spellcasting
 - Level 2.1 Fire Magic


You had 11 spell levels left.
You didn't know any spells.
Your spell library contained the following spells:

 Spells                   Type           Power      Damage    Failure   Level
 Scorch                   Fire           8%         2d5       22%         2

Inventory:

Armour
 c - a +2 animal skin (worn)
Jewellery
 g - a ring of fire
 i - an amulet of regeneration (around neck)
 m - a ring of see invisible (left claw)
Wands
 a - a wand of digging (2)
Scrolls
 d - a scroll of identify
Potions
 b - 2 potions of curing
 f - a potion of resistance
 h - a potion of haste
 j - 4 potions of mutation
 k - a potion of attraction {unknown}
 l - a potion of might {unknown}
 o - a potion of invisibility {unknown}
 q - a potion of brilliance {unknown}

Dungeon Overview and Level Annotations

Branches:
Dungeon (8/15)             Temple (0/1) D:7         Ossuary (visited)
   Lair: D:8-11

Altars:
Elyvilon
Fedhas
Kikubaaqudgha
Nemelex Xobeh
Trog
Xom
The Shining One

Shops:
D:2 *   D:6 (

Annotations:
D:3 1 runed translucent door, Crazy Yiuf
D:6 1 transporter


Message History

The necrophage is burned by your cloak of flames.
You destroy the necrophage!
You have reached level 10!
You struggle against the net.
The electric eel shoots out a bolt of lightning at you!
The bolt of electricity hits you.
A wight comes into view. It is wielding a +0 dire flail.
You struggle against the net.
You shred the net and break free!
The electric eel shoots out a bolt of lightning at you!
The bolt of electricity misses you.
The gnoll throws a throwing net.
The throwing net hits you.
You become entangled in the net!
The electric eel shoots out a bolt of lightning at you!
The bolt of electricity hits you. The gnoll hits you but does no damage.
The gnoll is burned by your cloak of flames.
The gnoll is moderately wounded.
You see here a throwing net.
You struggle against the net.
The gnoll bouda barks out a call to the hunt!
The gnolls pick up the pace!
The wight hits you but does no damage.
The wight is burned by your cloak of flames.
The wight is moderately damaged.
The gnoll hits you but does no damage.
The gnoll is burned by your cloak of flames.
The gnoll is heavily wounded.
You struggle against the net.
An electric eel comes into view.
The electric eel shoots out a bolt of lightning at you!
The bolt of electricity hits you but does no damage.
The wight hits you with a +0 dire flail!
You feel drained.
The wight is burned by your cloak of flames.
The wight is moderately damaged.
The gnoll barely misses you.
You rip the net and break free!
The electric eel shoots out a bolt of lightning at you!
The bolt of electricity hits you!
You die...

~~.....## #.....
.~~~~~..## #......
....~~g.##...~~S~
....~.ggggg~~...
##..~~~S~~~~....
#............#
####..)$..[..#####
........g.........
##..###(#@...#####
#...##.z...##
#.......##.#
#.......)#.#
#.#.....<#.# #
##...)##..
......## ..
#......# #.......


You could see a gnoll sergeant (swift), a gnoll bouda, 2 electric eels, a wight
and 5 gnolls.

Vanquished Creatures
  Joseph (D:7)
  Prince Ribbit (D:6)
  Grinder (D:3)
  Eustachio (D:5)
  An ice beast (D:4)
  A sky beast (D:8)
  2 black bears (D:7)
  2 centaurs
  A kobold brigand (D:7)
  2 necrophages
  4 bullfrogs
  3 scorpions
  A gnoll sergeant (D:6)
  14 wights
  4 howler monkeys
  2 centaur zombies (Ossuary)
  2 orc priests
  A human zombie (Ossuary)
  A jelly (D:6)
  4 hounds
  4 iguanas
  3 orc wizards
  Terence (D:3)
  4 mummies
  Robin (D:2)
  8 adders
  12 gnolls
  A shadow imp (D:6)
  4 worms
  7 dart slugs
  17 orcs
  10 ball pythons
  9 endoplasms
  2 giant cockroaches
  2 gnoll zombies (Ossuary)
  18 goblins
  9 hobgoblins
  3 jackals
  21 kobolds
  9 quokkas
  5 bats
  2 frilled lizards
  A goblin zombie (Ossuary)
  A kobold zombie (Ossuary)
  An orc zombie (Ossuary)
  8 rats
212 creatures vanquished.

Notes
Turn   | Place    | Note
-------+----------+-------------------------------------------
     0 | D:1      | qw the Troll Cinder Acolyte began the quest for the Orb.
     0 | D:1      | Reached XP level 1. HP: 22/22 MP: 1/1
     0 | D:1      | 0 ||| qw: Version: 0.1-a-97-g2dd2ca4
     0 | D:1      | 0 ||| qw: Game counter: 4666
     0 | D:1      | 0 ||| qw: Always use a shield: true
     0 | D:1      | 0 ||| qw: God list: Okawaru
     0 | D:1      | 0 ||| qw: Allow faded altars: false
     0 | D:1      | 0 ||| qw: Do Orc after D:15 true
     0 | D:1      | 0 ||| qw: Do second Lair branch before Depths: true
     0 | D:1      | 0 ||| qw: Lair rune preference: random
     0 | D:1      | 0 ||| qw: Plans: Normal
     0 | D:1      | 0 ||| PLANNING D:1-11
    13 | D:1      | 13 ||| Stepping ~*~*~tactically~*~*~ (stealth).
    26 | D:1      | 26 ||| Stepping ~*~*~tactically~*~*~ (stealth).
    88 | D:1      | Reached XP level 2. HP: 29/29 MP: 2/2
   137 | D:1      | 137 ||| Stepping ~*~*~tactically~*~*~ (stealth).
   196 | D:1      | 196 ||| Stepping ~*~*~tactically~*~*~ (hiding).
   204 | D:1      | Reached skill level 4 in Unarmed Combat
   320 | D:1      | 320 ||| Stepping ~*~*~tactically~*~*~ (stealth).
   339 | D:1      | Found a faded altar of an unknown god.
   384 | D:1      | Reached XP level 3. HP: 36/36 MP: 3/3
   444 | D:1      | 444 ||| Stepping ~*~*~tactically~*~*~ (stealth).
   448 | D:1      | 448 ||| Stepping ~*~*~tactically~*~*~ (stealth).
   449 | D:1      | 449 ||| Stepping ~*~*~tactically~*~*~ (stealth).
   452 | D:1      | 452 ||| Stepping ~*~*~tactically~*~*~ (hiding).
   461 | D:1      | 461 ||| Stepping ~*~*~tactically~*~*~ (outnumbered).
   462 | D:1      | 462 ||| Stepping ~*~*~tactically~*~*~ (outnumbered).
   564 | D:1      | 564 ||| Stepping ~*~*~tactically~*~*~ (hiding).
   708 | D:1      | 708 ||| Stepping ~*~*~tactically~*~*~ (stealth).
   712 | D:1      | 712 ||| Stepping ~*~*~tactically~*~*~ (stealth).
   748 | D:1      | 748 ||| Stepping ~*~*~tactically~*~*~ (stealth).
   937 | D:1      | 937 ||| READING scroll labelled ZUYVING DICOR.
   938 | D:1      | 938 ||| READING scroll labelled XAYHAU WYESCHU.
  1008 | D:2      | 1008 ||| Stepping ~*~*~tactically~*~*~ (stealth).
  1178 | D:2      | Reached XP level 4. HP: 44/44 MP: 4/4
  1187 | D:2      | 1187 ||| Stepping ~*~*~tactically~*~*~ (stealth).
  1199 | D:2      | Reached skill level 5 in Unarmed Combat
  1202 | D:2      | 1202 ||| Stepping ~*~*~tactically~*~*~ (stealth).
  1204 | D:2      | 1204 ||| Stepping ~*~*~tactically~*~*~ (stealth).
  1204 | D:2      | Noticed Robin
  1208 | D:2      | Killed Robin
  1209 | D:2      | 1209 ||| INVOKING Fiery Armour.
  1210 | D:2      | 1210 ||| Stepping ~*~*~tactically~*~*~ (outnumbered).
  1227 | D:2      | Found Ronli's General Store.
  1236 | D:2      | 1236 ||| SHOPLISTING scroll of acquirement (624 gold, have
                  | 86).
  1236 | D:2      | 1236 ||| BUYING scroll of identify (24 gold).
  1236 | D:2      | Bought a scroll of identify for 24 gold pieces
  1236 | D:2      | 1236 ||| BUYING scroll of teleportation (36 gold).
  1236 | D:2      | Bought a scroll of teleportation for 36 gold pieces
  1452 | D:2      | Found a bloodstained altar of Trog.
  1595 | D:2      | Noticed a scorpion
  1606 | D:2      | Killed a scorpion
  1607 | D:2      | Reached XP level 5. HP: 36/50 MP: 5/5
  1686 | D:2      | Reached skill level 6 in Unarmed Combat
  1756 | D:2      | 1756 ||| UPGRADING to +2 animal skin.
  1766 | D:2      | 1766 ||| DROPPING +0 robe.
  1767 | D:2      | 1767 ||| READING scroll labelled YDUTEM IHOY.
  1768 | D:2      | 1768 ||| READING 2 scrolls of identify.
  1768 | D:2      | 1768 ||| IDENTIFYING clear potion
  1855 | D:3      | Noticed Terence
  1868 | D:3      | Killed Terence
  1891 | D:3      | Found a runed translucent door.
  1892 | D:3      | Noticed Crazy Yiuf
  2020 | D:3      | Found a white marble altar of Elyvilon.
  2026 | D:3      | Noticed Grinder
  2027 | D:3      | Paralysed by Grinder for 5 turns
  2047 | D:3      | Paralysed by Grinder for 3 turns
  2051 | D:3      | 2051 ||| INVOKING Fiery Armour.
  2056 | D:3      | Killed Grinder
  2057 | D:3      | Reached skill level 7 in Unarmed Combat
  2057 | D:3      | Reached XP level 6. HP: 26/59 MP: 6/6
  2194 | D:3      | Found an ancient bone altar of Kikubaaqudgha.
  2195 | D:3      | 2195 ||| Stepping ~*~*~tactically~*~*~ (stealth).
  2197 | D:3      | 2197 ||| Stepping ~*~*~tactically~*~*~ (stealth).
  2199 | D:3      | 2199 ||| Stepping ~*~*~tactically~*~*~ (stealth).
  2336 | D:3      | Found a blossoming altar of Fedhas.
  2380 | D:3      | 2380 ||| Stepping ~*~*~tactically~*~*~ (hiding).
  2404 | D:3      | 2404 ||| Stepping ~*~*~tactically~*~*~ (stealth).
  2597 | D:3      | 2597 ||| UPGRADING to ring of see invisible.
  2598 | D:3      | 2598 ||| READING scroll labelled VUYGUE LUIMNO.
  2699 | D:3      | 2699 ||| READING scroll labelled TUMUXO FEDDODI.
  2742 | D:4      | 2742 ||| PLANNING OSSUARY
  2742 | D:4      | 2742 ||| Stepping ~*~*~tactically~*~*~ (hiding).
  2743 | D:4      | 2743 ||| Stepping ~*~*~tactically~*~*~ (hiding).
  2747 | D:4      | 2747 ||| INVOKING Fiery Armour.
  2749 | D:4      | Reached skill level 1 in Throwing
  2879 | D:4      | Noticed an ice beast
  2901 | D:4      | 2901 ||| Stepping ~*~*~tactically~*~*~ (outnumbered).
  2909 | D:4      | 2909 ||| INVOKING Fiery Armour.
  2912 | D:4      | Reached XP level 7. HP: 20/66 MP: 7/7
  2912 | D:4      | HP: 15/66 [goblin/+0 club (2)]
  2913 | D:4      | 2913 ||| READING 3 scrolls of teleportation.
  2915 | D:4      | HP: 7/66 [poisoned by a goblin]
  2918 | D:4      | 2918 ||| READING 2 scrolls of teleportation.
  2920 | D:4      | HP: 4/66 [poisoned by a goblin]
  2922 | D:4      | 2922 ||| FLEEEEING.
  2923 | D:4      | 2923 ||| FLEEEEING.
  2924 | D:4      | 2924 ||| FLEEEEING.
  2925 | D:4      | 2925 ||| FLEEEEING.
  2926 | D:4      | 2926 ||| FLEEEEING.
  2927 | D:4      | 2927 ||| FLEEEEING.
  2928 | D:4      | 2928 ||| FLEEEEING.
  2929 | D:4      | 2929 ||| FLEEEEING.
  2930 | D:4      | 2930 ||| FLEEEEING.
  2931 | D:4      | 2931 ||| FLEEEEING.
  2932 | D:4      | 2932 ||| FLEEEEING.
  2933 | D:4      | 2933 ||| FLEEEEING.
  2934 | D:4      | 2934 ||| FLEEEEING.
  2935 | D:4      | 2935 ||| FLEEEEING.
  2936 | D:4      | 2936 ||| FLEEEEING.
  2937 | D:4      | 2937 ||| FLEEEEING.
  2938 | D:4      | 2938 ||| FLEEEEING.
  2939 | D:4      | 2939 ||| FLEEEEING.
  2940 | D:4      | 2940 ||| FLEEEEING.
  2941 | D:4      | 2941 ||| FLEEEEING.
  2942 | D:4      | 2942 ||| FLEEEEING.
  2943 | D:4      | 2943 ||| FLEEEEING.
  2944 | D:4      | 2944 ||| FLEEEEING.
  2945 | D:4      | 2945 ||| STAIRDANCE
  3050 | D:4      | 3050 ||| Stepping ~*~*~tactically~*~*~ (stealth).
  3052 | D:4      | 3052 ||| Stepping ~*~*~tactically~*~*~ (stealth).
  3055 | D:4      | 3055 ||| STAIRDANCE
  3135 | D:4      | Reached skill level 8 in Unarmed Combat
  3137 | D:4      | 3137 ||| STAIRDANCE
  3176 | D:4      | 3176 ||| Stepping ~*~*~tactically~*~*~ (hiding).
  3249 | D:4      | Reached skill level 3 in Fighting
  3431 | D:4      | Found a sand-covered staircase.
  3436 | D:4      | 3436 ||| READING scroll labelled HUMIXT SYCROUTZ.
  3443 | Ossuary  | Entered an ossuary
  3712 | Ossuary  | 3712 ||| READING scroll labelled URA KEORIRITTE.
  3713 | Ossuary  | 3713 ||| READING scroll labelled OMAUN JANO.
  3714 | Ossuary  | 3714 ||| DRINKING 2 bubbling emerald potions.
  3715 | Ossuary  | 3715 ||| DROPPING potion of degeneration.
  3716 | Ossuary  | 3716 ||| DROPPING potion of flight.
  3717 | Ossuary  | 3717 ||| READING 2 scrolls of teleportation.
  3738 | D:4      | 3738 ||| PLANNING D:1-11
  3972 | D:5      | Entered Level 5 of the Dungeon
  4078 | D:5      | Reached skill level 9 in Unarmed Combat
  4081 | D:5      | Reached skill level 1 in Dodging
  4081 | D:5      | Reached XP level 8. HP: 75/75 MP: 8/8
  4170 | D:5      | 4170 ||| Stepping ~*~*~tactically~*~*~ (stealth).
  4233 | D:5      | 4233 ||| Stepping ~*~*~tactically~*~*~ (hiding).
  4239 | D:5      | 4239 ||| Stepping ~*~*~tactically~*~*~ (outnumbered).
  4242 | D:5      | 4242 ||| Stepping ~*~*~tactically~*~*~ (hiding).
  4243 | D:5      | 4243 ||| Stepping ~*~*~tactically~*~*~ (hiding).
  4244 | D:5      | 4244 ||| Stepping ~*~*~tactically~*~*~ (hiding).
  4246 | D:5      | 4246 ||| Stepping ~*~*~tactically~*~*~ (outnumbered).
  4249 | D:5      | 4249 ||| Stepping ~*~*~tactically~*~*~ (outnumbered).
  4250 | D:5      | 4250 ||| Stepping ~*~*~tactically~*~*~ (outnumbered).
  4251 | D:5      | 4251 ||| Stepping ~*~*~tactically~*~*~ (outnumbered).
  4285 | D:5      | 4285 ||| Stepping ~*~*~tactically~*~*~ (stealth).
  4286 | D:5      | 4286 ||| Stepping ~*~*~tactically~*~*~ (stealth).
  4333 | D:5      | Found a glowing golden altar of the Shining One.
  4336 | D:5      | Noticed Eustachio
  4337 | D:5      | 4337 ||| Stepping ~*~*~tactically~*~*~ (stealth).
  4343 | D:5      | 4343 ||| INVOKING Fiery Armour.
  4357 | D:5      | 4357 ||| Stepping ~*~*~tactically~*~*~ (hiding).
  4358 | D:5      | 4358 ||| Stepping ~*~*~tactically~*~*~ (hiding).
  4371 | D:5      | Killed Eustachio
  4452 | D:5      | Reached skill level 10 in Unarmed Combat
  4469 | D:5      | 4469 ||| Stepping ~*~*~tactically~*~*~ (hiding).
  4494 | D:5      | 4494 ||| Stepping ~*~*~tactically~*~*~ (hiding).
  4659 | D:5      | 4659 ||| Stepping ~*~*~tactically~*~*~ (stealth).
  4830 | D:5      | 4830 ||| READING scroll labelled EBRUCK OFES.
  4831 | D:5      | 4831 ||| DRINKING 2 red potions.
  4832 | D:5      | 4832 ||| DRINKING 2 glowing grey potions.
  4875 | D:5      | 4875 ||| READING 2 scrolls of identify.
  4875 | D:5      | 4875 ||| IDENTIFYING fizzy dark potion
  4876 | D:5      | 4876 ||| DROPPING potion of lignification.
  4935 | D:6      | 4935 ||| Stepping ~*~*~tactically~*~*~ (hiding).
  4936 | D:6      | 4936 ||| Stepping ~*~*~tactically~*~*~ (hiding).
  4940 | D:6      | 4940 ||| DRINKING 3 potions of curing.
  4940 | D:6      | 4940 ||| (to cure confusion)
  4947 | D:6      | 4947 ||| Stepping ~*~*~tactically~*~*~ (stealth).
  4949 | D:6      | 4949 ||| Stepping ~*~*~tactically~*~*~ (stealth).
  4951 | D:6      | 4951 ||| Stepping ~*~*~tactically~*~*~ (stealth).
  4953 | D:6      | 4953 ||| Stepping ~*~*~tactically~*~*~ (stealth).
  4960 | D:6      | 4960 ||| Stepping ~*~*~tactically~*~*~ (stealth).
  4961 | D:6      | 4961 ||| Stepping ~*~*~tactically~*~*~ (stealth).
  4963 | D:6      | 4963 ||| Stepping ~*~*~tactically~*~*~ (stealth).
  4968 | D:6      | 4968 ||| Stepping ~*~*~tactically~*~*~ (stealth).
  4970 | D:6      | 4970 ||| Stepping ~*~*~tactically~*~*~ (hiding).
  5184 | D:6      | 5184 ||| Stepping ~*~*~tactically~*~*~ (stealth).
  5199 | D:6      | 5199 ||| Stepping ~*~*~tactically~*~*~ (outnumbered).
  5202 | D:6      | 5202 ||| Stepping ~*~*~tactically~*~*~ (outnumbered).
  5228 | D:6      | Reached skill level 11 in Unarmed Combat
  5332 | D:6      | Found a sparkling altar of Nemelex Xobeh.
  5332 | D:6      | Found a transporter.
  5332 | D:6      | Noticed an unseen horror
  5384 | D:6      | Noticed Prince Ribbit
  5385 | D:6      | 5385 ||| Stepping ~*~*~tactically~*~*~ (stealth).
  5386 | D:6      | Found Wedoul's Antique Weapon Emporium.
  5440 | D:6      | Killed Prince Ribbit
  5441 | D:6      | Reached XP level 9. HP: 84/84 MP: 9/9
  5494 | D:6      | Found the +7 Throatcutter {drain, coup de grace}
  5539 | D:6      | 5539 ||| Stepping ~*~*~tactically~*~*~ (stealth).
  5748 | D:6      | 5748 ||| DROPPING orb of light.
  5749 | D:6      | 5749 ||| UPGRADING to amulet of regeneration.
  5754 | D:6      | 5754 ||| READING scroll labelled WUTHEU SAJEGH.
  5844 | D:7      | 5844 ||| Stepping ~*~*~tactically~*~*~ (stealth).
  5846 | D:7      | 5846 ||| Stepping ~*~*~tactically~*~*~ (stealth).
  5849 | D:7      | 5849 ||| Stepping ~*~*~tactically~*~*~ (outnumbered).
  5854 | D:7      | 5854 ||| Stepping ~*~*~tactically~*~*~ (outnumbered).
  5855 | D:7      | 5855 ||| Stepping ~*~*~tactically~*~*~ (outnumbered).
  5856 | D:7      | 5856 ||| Stepping ~*~*~tactically~*~*~ (outnumbered).
  5871 | D:7      | 5871 ||| INVOKING Fiery Armour.
  5941 | D:7      | Found a shimmering altar of Xom.
  5974 | D:7      | Reached skill level 12 in Unarmed Combat
  5996 | D:7      | Noticed Joseph
  6001 | D:7      | 6001 ||| INVOKING Fiery Armour.
  6005 | D:7      | 6005 ||| Stepping ~*~*~tactically~*~*~ (outnumbered).
  6011 | D:7      | Killed Joseph
  6013 | D:7      | 6013 ||| Stepping ~*~*~tactically~*~*~ (outnumbered).
  6014 | D:7      | 6014 ||| Stepping ~*~*~tactically~*~*~ (outnumbered).
  6015 | D:7      | 6015 ||| Stepping ~*~*~tactically~*~*~ (outnumbered).
  6016 | D:7      | 6016 ||| Stepping ~*~*~tactically~*~*~ (outnumbered).
  6101 | D:7      | 6101 ||| Stepping ~*~*~tactically~*~*~ (hiding).
  6103 | D:7      | 6103 ||| Stepping ~*~*~tactically~*~*~ (hiding).
  6104 | D:7      | 6104 ||| Stepping ~*~*~tactically~*~*~ (hiding).
  6112 | D:7      | 6112 ||| Stepping ~*~*~tactically~*~*~ (stealth).
  6116 | D:7      | 6116 ||| Stepping ~*~*~tactically~*~*~ (hiding).
  6135 | D:7      | Found a staircase to the Ecumenical Temple.
  6277 | D:7      | Reached skill level 13 in Unarmed Combat
  6425 | D:7      | 6425 ||| DRINKING 3 ruby potions.
  6426 | D:7      | 6426 ||| DROPPING 2 potions of magic.
  6449 | D:8      | 6449 ||| STAIRDANCE
  6451 | D:7      | 6451 ||| Stepping ~*~*~tactically~*~*~ (outnumbered).
  6478 | D:8      | 6478 ||| INVOKING Fiery Armour.
  6481 | D:8      | HP: 17/81 [electric eel/bolt of electricity (9)]
  6482 | D:8      | 6482 ||| READING 2 scrolls of teleportation.
  6483 | D:8      | 6483 ||| Stepping ~*~*~tactically~*~*~ (outnumbered).
  6483 | D:8      | HP: 7/81 [gnoll/+0 flail of draining (5)]
  6488 | D:8      | 6488 ||| READING scroll of teleportation.
  6492 | D:8      | HP: 17/81 [electric eel/bolt of electricity (3)]
  6496 | D:8      | Reached XP level 10. HP: 11/88 MP: 10/10
  6499 | D:8      | HP: 10/88 [electric eel/bolt of electricity (5)]
  6501 | D:8      | HP: 3/86 [wight/+0 dire flail (2)]
  6502 | D:8      | Killed from afar by an electric eel

Levels and vault maps discovered:
D:1:      dpeg_arrival_leaves_temple_mockup, layout_basic,
          basic_ecumenical_altar, chequers_decorated_corner
D:2:      layout_basic, basic_altar, serial_shops, shop, uniq_robin
D:3:      minmay_chambers_of_threes, layout_rooms, mainiacjoe_overflow_alcove_2,
          fedhas_altar_3, elyvilon_altar_1, glass_columns_a, uniq_terence,
          uniq_crazy_yiuf_cottage, uniq_grinder
D:4:      minmay_clustersquares, layout_loops_ring, gup_ossuary_entry_pyramid
D:5:      layout_cave_pods, mainiacjoe_overflow_paths, hangedman_decor_points,
          minivault_11, minmay_misc_feat_chi, uniq_eustachio
D:6:      layout_loops_ring, grunt_nemelex_the_gamble, serial_shops,
          nicolae_diamond_shop, uniq_prince_ribbit1
D:7:      layout_gridville, xom_teletrap_fun, minmay_temple_entry_glass,
          uniq_joseph
D:8:      nzn_winding_woodlands_three_and_one
          [nzn_winding_woodlands_5x15_default,
          nzn_winding_woodlands_5x15_crooked, nzn_winding_woodlands_5x15_cabin,
          nzn_winding_woodlands_center_triple_pond], layout_cave_pools,
          general_overflow_altar, kennysheep_little_box, serial_gnoll_camp,
          gnoll_camp_huts_moat, gnoll_camp_mini_hut, gnoll_camp_mini_loothouse,
          gnoll_camp_medium_02, amethyst_killhole, minmay_crystal_water

Skill      XL: |  1  2  3  4  5  6  7  8  9 |
---------------+----------------------------+-----
Unarmed Combat | 4 5 7 9 11 13 | 13.3
Throwing       | 1 |  1.0
Fighting       | 3 4 5 |  5.2
Dodging        | 1 |  1.1
Spellcasting   | |  1.0
Fire Magic     | |  2.1

Action                   |  1- 3 |  4- 6 |  7- 9 | 10-12 || total
-------------------------+-------+-------+-------+-------++-------
Melee: Unarmed           |    96 |   128 |   299 |       ||   523
       Punch             |     3 |     2 |    11 |       ||    16
Throw: Javelin           |       |     8 |     3 |       ||    11
       Boomerang         |       |       |     9 |       ||     9
Invok: Fiery Armour      |       |     4 |     4 |       ||     8
  Use: Scroll            |     2 |     4 |    11 |       ||    17
       Potion            |       |       |     5 |       ||     5
Armor: Robe              |    28 |    12 |       |       ||    40
       Animal skin       |       |    27 |    99 |     4 ||   130
Dodge: Dodged            |    34 |    34 |   134 |     2 ||   204

Table legend:
 A = Non-vault XP
 B = Vault XP
 C = Vault XP percentage of total XP
 D = Non-vault monster count
 E = Vault monster count
 F = Vault count percentage of total count
                 A         B        C        D         E       F
            +---------+---------+-------+---------+---------+-------
      Total |    3806 |    1767 |  31.7 |     160 |      52 |  24.5
            +---------+---------+-------+---------+---------+-------
        D:1 |      63 |       0 |   0.0 |      32 |       0 |   0.0
        D:2 |     135 |      35 |  20.6 |      20 |      11 |  35.5
        D:3 |      36 |     329 |  90.1 |      13 |      14 |  51.9
        D:4 |     218 |     238 |  52.2 |      20 |      11 |  35.5
        D:5 |     715 |     203 |  22.1 |      24 |       1 |   4.0
        D:6 |     791 |     274 |  25.7 |      20 |       1 |   4.8
        D:7 |    1489 |     475 |  24.2 |      27 |       1 |   3.6
        D:8 |     359 |      17 |   4.5 |       4 |       2 |  33.3
    Ossuary |       0 |     196 | 100.0 |       0 |      11 | 100.0
            +---------+---------+-------+---------+---------+-------
